 Dungeon Crawl Stone Soup version 0.24-a0-36-gf1fd2d0 (webtiles) character file.

Game seed: 10823219703115069551

48989 contraiils the Spear-Bearer (level 14, 0/99 HPs)
             Began as a Demonspawn Gladiator on Feb 2, 2019.
             Was a High Priest of Hepliaklqana.
             Slain by a dire elephant (26 damage)
             ... on level 6 of the Lair of Beasts.
             The game lasted 00:54:11 (17713 turns).

contraiils the Spear-Bearer (Demonspawn Gladiator) Turns: 17713, Time: 00:54:12

Health: 0/99       AC: 19    Str: 18    XL:     14   Next: 14%
Magic:  24/24      EV: 21    Int: 10    God:    Hepliaklqana [*****.]
Gold:   1157       SH:  7    Dex: 23    Spells: 7/15 levels left

rFire    + . .     SeeInvis .   B - +3 trident "Elouroha" {venom, +Fly Str+2 Stlth+}
rCold    + . .     Gourm    .   A - +0 buckler
rNeg     + + +     Faith    .   x - +2 chain mail {rC+}
rPois    +         Spirit   .   w - +0 hat "Wuqoexu" {-Cast rN+++ Regen+ Slay+5}
rElec    .         Reflect  .   q - +0 cloak of Feasting {rF+ Stlth+}
rCorr    .         Harm     .   i - +1 pair of gloves
MR       +....     NoCast   +   a - +0 pair of boots
Stlth    ++........             u - amulet of the acrobat
HPRegen  0.66/turn              G - ring of poison resistance
MPRegen  0.19/turn              I - ring of magical power

@: agile
A: reduced essence, hooves 2, thin metallic scales 2, powered by pain 3, spiny 1
a: Recall Ancestor, Ancestor Identity, Transference, Idealise, Renounce
Religion, Evoke Flight


You were on level 6 of the Lair of Beasts.
You worshipped Hepliaklqana.
Hepliaklqana was extremely pleased with you.
You were not hungry.

You visited 3 branches of the dungeon, and saw 18 of its levels.
You also visited: Gauntlet.

You collected 1302 gold pieces.
You spent 145 gold pieces at shops.

Inventory:

Hand Weapons
 d - the +5 bardiche of Mandamus {distort, Stlth+}
   (You took it off a minotaur in a Gauntlet)

   It warps and distorts space around it.
   Unwielding it can cause banishment or high damage.
   It makes you more stealthy.
 B - the +3 trident "Elouroha" (weapon) {venom, +Fly Str+2 Stlth+}
   (You found it in a Gauntlet)

   It poisons the flesh of those it strikes.
   It affects your strength (+2).
   It lets you fly.
   It makes you more stealthy.
Missiles
 y - 5 javelins of penetration (quivered)
Armour
 a - a +0 pair of boots (worn)
 i - a +1 pair of gloves (worn)
 q - the +0 cloak of Feasting (worn) {rF+ Stlth+}
   (You found it in a Gauntlet)

   It protects you from fire.
   It makes you more stealthy.
 w - the +0 hat "Wuqoexu" (worn) {-Cast rN+++ Regen+ Slay+5}
   (You found it in a Gauntlet)

   It affects your accuracy and damage with ranged weapons and melee attacks
   (+5).
   It renders you almost immune to negative energy.
   It prevents spellcasting.
   It increases your rate of regeneration.
 x - a +2 chain mail of cold resistance (worn)
 A - a +0 buckler (worn)
Jewellery
 c - an uncursed ring of fire
 k - an uncursed ring of ice
 t - an uncursed ring of resist corrosion
 u - an amulet of the acrobat (around neck)
 G - a ring of poison resistance (left hand)
 I - a ring of magical power (right hand)
Wands
 h - a wand of iceblast (19)
 m - a wand of disintegration (12)
 J - a wand of acid (9)
Scrolls
 e - 11 scrolls of identify
 j - 8 scrolls of teleportation
 l - 3 scrolls of enchant armour
 p - 3 scrolls of fog
 s - 3 scrolls of remove curse
 v - 2 scrolls of fear
 C - a scroll of blinking
 L - a scroll of immolation
 M - a scroll of amnesia {unknown}
Potions
 b - 2 potions of invisibility
 g - 3 potions of flight
 n - a potion of haste
 o - a potion of lignification
 r - 8 potions of curing
 z - 3 potions of heal wounds
 D - a potion of cancellation {unknown}
 E - a potion of berserk rage {unknown}
 H - a potion of ambrosia
 K - 2 potions of magic {unknown}
Miscellaneous
 F - a sack of spiders
Comestibles
 f - 29 rations
 N - 7 chunks of flesh


   Skills:
 - Level 10.0 Fighting
 - Level 14.0 Polearms
 - Level 1.7 Throwing
 - Level 5.2 Armour
 + Level 13.4 Dodging
 - Level 6.0 Shields
 - Level 1.3 Spellcasting


You had 7 spell levels left.
You knew the following spells:

 Your Spells              Type           Power        Failure   Level  Hunger
a - Blink                 Tloc           N/A          99%         2    ###....
b - Song of Slaying       Chrm           #.......     99%         2    ###....
c - Magic Dart            Conj           #...         99%         1    ##.....
d - Mephitic Cloud        Conj/Pois/Air  #.......     100%        3    ####...

Your spell library contained the following spells:

 Spells                   Type           Power        Failure   Level  Hunger
 Infusion                 Chrm           #...         99%         1    ##.....
 Summon Small Mammal      Summ           #...         99%         1    ##.....
 Call Imp                 Summ           #.......     99%         2    ###....
 Shroud of Golubria       Chrm/Tloc      #.........   99%         2    ###....
 Slow                     Hex            #.......     99%         2    ###....
 Call Canine Familiar     Summ           #.......     100%        3    ####...
 Conjure Flame            Conj/Fire      #.......     100%        3    ####...
 Regeneration             Chrm/Necr      #.........   100%        3    ####...
 Spectral Weapon          Hex/Chrm       #.......     100%        3    ####...
 Summon Guardian Golem    Hex/Summ       #.......     100%        3    ####...
 Summon Ice Beast         Ice/Summ       #.......     100%        4    #####..
 Summon Lightning Spire   Summ/Air       #.......     100%        4    #####..


Dungeon Overview and Level Annotations

Branches:
Dungeon (11/15)            Temple (1/1) D:6            Lair (6/6) D:10
  Swamp (0/4) Lair:3        Snake (0/4) Lair:2        Slime (0/5) Lair:5
    Orc: D:9-12

Altars:
Ashenzari
Cheibriados
Dithmenos
Elyvilon
Fedhas
Gozag
Hepliaklqana
Kikubaaqudgha
Makhleb
Nemelex Xobeh
Okawaru
Qazlal
Ru
Sif Muna
Trog
Uskayaw
Vehumet
Wu Jian
Xom
Yredelemnul
Zin
The Shining One

Shops:
D:6 (


Innate Abilities, Weirdness & Mutations

You have hoof-like feet.
You are mostly covered in thin metallic scales. (AC +3)
You are powered by pain.
You are partially covered in sharp spines.
Your life essence is reduced to manifest your ancestor. (-10% HP)


Message History

You hit the dire elephant.
The dire elephant looks as sick as possible!
The dire elephant is severely wounded.
You hit the dire elephant.
The dire elephant looks as sick as possible!
The dire elephant is severely wounded.
The dire elephant is struck by your spines.
The dire elephant misses you. You block the dire elephant's attack.
Your chain mail prevents you from hitting the dire elephant.
The dire elephant is severely wounded.
You completely miss the dire elephant.
The dire elephant is severely wounded.
The dire elephant barely misses you.
The dire elephant trunk-slaps you but does no damage.
You hit the dire elephant but do no damage.
The dire elephant looks as sick as possible!
The dire elephant is severely wounded.
The dire elephant is struck by your spines.
The dire elephant tramples you!!
You die...

## #. ##. ###.. # #...#
♣♣############ ###############''#
8.......##...###[...##≈≈.##8....#
#.#....÷'†....#:@Y..'†≈≈..'.....#
..####..#.....#[!...'≈≈≈≈.#8P####
#....####.....##[...#≈≈≈≈.####...
####....#.....#######.≈≈≈≈#....##
# ####.###..###8.8###.≈###.####
##♣♣♣##...#####8.⌠.8#####...###♣♣
#♣....###P................###....
.......♣########'''########♣.....
...........♣.....................


You could see a dire elephant.

Vanquished Creatures
  A minotaur (Gauntlet)
  2 dire elephants (Lair:6)
  A death ooze (Gauntlet)
  Harold (D:8)
  3 hydras
  Erica (D:9)
  A queen ant (Gauntlet)
  An anaconda (Lair:6)
  A two-headed ogre (D:9)
  Urug (D:10)
  Nergalle (Lair:2)
  12 elephants
  A rust devil (Gauntlet)
  Joseph (Lair:1)
  5 black mambas
  A torpor snail (Lair:5)
  9 spiny frogs
  2 kobold demonologists
  2 rime drakes
  7 komodo dragons
  2 hornets
  Prince Ribbit (D:6)
  4 polar bears
  7 dream sheep (Lair:3)
  17 blink frogs
  7 hippogriffs
  Sigmund (D:2)
  A vampire (D:11)
  A ynoxinul (Gauntlet)
  A spriggan (D:8)
  3 wyverns
  4 shadows (Gauntlet)
  Grum (D:8)
  32 yaks
  2 hungry ghosts
  3 nagas (Lair:2)
  4 soldier ants
  10 water moccasins
  6 porcupines
  3 hornet zombies
  2 ice beasts
  A sky beast (D:7)
  3 black bears
  3 ogres
  3 phantoms
  9 wolves
  2 centaurs
  11 crocodiles
  5 big kobolds
  10 bullfrogs
  4 scorpions
  5 killer bees (D:10)
  A bullfrog zombie (D:5)
  3 crimson imps
  A howler monkey (D:10)
  3 centaur zombies
  2 jellies
  A quasit (D:9)
  2 bullfrog skeletons (D:9)
  An orc priest (D:4)
  A water moccasin simulacrum (D:9)
  10 hounds
  A gnoll shaman (D:7)
  2 iron imps (Gauntlet)
  Ijyb (D:5)
  3 iguanas
  7 orc wizards
  7 worker ants
  A hound zombie (D:5)
  3 hound skeletons
  2 howler monkey zombies
  A worker ant zombie (D:9)
  3 gnolls (D:7)
  12 adders
  3 shadow imps
  3 oozes
  An adder zombie (D:6)
  4 dart slugs
  10 leopard geckos
  17 orcs
  4 giant cockroaches
  2 goblins
  3 hobgoblins
  12 jackals
  18 kobolds
  5 quokkas
  7 bats
  4 frilled lizards
  A quokka zombie (D:9)
  9 rats
  4 plants (Lair:6)
397 creatures vanquished.

Vanquished Creatures (collateral kills)
  2 hydras (Lair:2)
  2 gargoyles
  A spiny frog (Lair:1)
  A komodo dragon (Lair:1)
  A troll (D:9)
  5 hippogriffs
  A basilisk (Lair:3)
  A yak (Lair:1)
  2 water moccasins
  A phantom (D:9)
  An ice beast (D:10)
  A necrophage (D:8)
  An ogre (D:9)
  A crocodile (Lair:3)
  Blork the orc (D:6)
  2 bullfrogs
  2 wights (D:9)
  A centaur skeleton (D:10)
  An orc priest (D:9)
  2 iron imps (Gauntlet)
  2 orc wizards
  2 worker ants
  2 gnolls (D:7)
  2 jackals (D:7)
  2 kobolds
40 creatures vanquished.

Vanquished Creatures (others)
  4 ancestors
  9 hexers
  4 fungi (Gauntlet)
  21 plants
38 creatures vanquished.

Grand Total: 475 creatures vanquished

Notes
Turn   | Place    | Note
-------+----------+-------------------------------------------
     0 | D:1      | contraiils the Demonspawn Gladiator began the quest for the
                  | Orb.
     0 | D:1      | Reached XP level 1. HP: 16/16 MP: 1/1
    12 | D:1      | Reached skill level 3 in Polearms
    54 | D:1      | Gained mutation: You are partially covered in sharp spines.
                  | [demonic ancestry]
    54 | D:1      | Reached XP level 2. HP: 22/22 MP: 2/2
   415 | D:1      | You fall through a shaft!
   470 | D:2      | Reached XP level 3. HP: 26/27 MP: 3/3
   495 | D:2      | Noticed Sigmund
  1072 | D:2      | Reached skill level 4 in Polearms
  1703 | D:2      | Gained mutation: You are partially covered in thin metallic
                  | scales. (AC +2) [demonic ancestry]
  1703 | D:2      | Reached XP level 4. HP: 33/33 MP: 4/4
  1751 | D:2      | Found an ancient bone altar of Kikubaaqudgha.
  2282 | D:3      | You fall through a shaft for 3 floors!
  2287 | D:6      | Reached skill level 5 in Polearms
  2315 | D:5      | Entered Level 5 of the Dungeon
  2373 | D:5      | Gained mutation: You sometimes gain a little power by
                  | taking damage. [demonic ancestry]
  2373 | D:5      | Reached XP level 5. HP: 37/38 MP: 5/5
  2477 | D:4      | Reached skill level 6 in Polearms
  2691 | D:4      | Gained mutation: You sometimes gain power by taking damage.
                  | [demonic ancestry]
  2691 | D:4      | Reached XP level 6. HP: 41/44 MP: 6/6
  3368 | D:5      | Noticed Ijyb
  3374 | D:5      | Paralysed by Ijyb for 4 turns
  3388 | D:5      | Paralysed by Ijyb for 6 turns
  3398 | D:5      | Killed Ijyb
  3935 | D:5      | Reached skill level 7 in Polearms
  3958 | D:5      | Reached XP level 7. HP: 50/50 MP: 7/7
  4003 | D:6      | Noticed Prince Ribbit
  4022 | D:6      | Killed Prince Ribbit
  4022 | D:6      | Reached skill level 8 in Polearms
  4218 | D:6      | Found a staircase to the Ecumenical Temple.
  4300 | Temple   | Entered the Ecumenical Temple
  4306 | Temple   | Became a worshipper of Hepliaklqana the Forgotten
  4522 | D:6      | Found Ebrighot's Weapon Shop.
  4525 | D:6      | Bought a +1 trident of venom for 145 gold pieces
  4742 | D:6      | Found a burning altar of Makhleb.
  4763 | D:6      | Found an ornate altar of the Wu Jian Council.
  4764 | D:6      | Found a shadowy altar of Dithmenos.
  4827 | D:6      | Noticed Blork the orc
  4837 | D:6      | Killed Blork the orc
  4851 | D:7      | Noticed a hungry ghost
  4865 | D:6      | Killed a hungry ghost
  4865 | D:6      | Reached skill level 9 in Polearms
  4865 | D:6      | Gained mutation: You are mostly covered in thin metallic
                  | scales. (AC +3) [demonic ancestry]
  4865 | D:6      | Reached XP level 8. HP: 23/50 MP: 8/8
  5072 | D:7      | Noticed a hornet
  5080 | D:7      | Paralysed by a hornet for 2 turns
  5081 | D:7      | Killed a hornet
  5247 | D:7      | Reached skill level 10 in Polearms
  5848 | D:7      | Reached skill level 11 in Polearms
  5852 | D:7      | Gained mutation: You are powered by pain. [demonic
                  | ancestry]
  5852 | D:7      | Reached XP level 9. HP: 51/54 MP: 9/9
  5932 | D:7      | Found a shattered altar of Ashenzari.
  5962 | D:8      | Found a radiant altar of Vehumet.
  6176 | D:8      | Noticed Grum
  6195 | D:8      | Killed Grum
  6203 | D:8      | Reached skill level 12 in Polearms
  6497 | D:8      | Noticed Harold
  6511 | D:8      | Killed Harold
  6718 | D:8      | Reached skill level 13 in Polearms
  6743 | D:8      | Reached XP level 10. HP: 52/60 MP: 10/10
  6775 | D:8      | Found a basalt altar of Yredelemnul.
  7080 | D:9      | Noticed Erica
  7092 | D:9      | Killed Erica
  7591 | D:9      | Reached * piety under Hepliaklqana
  7871 | D:9      | Reached skill level 14 in Polearms
  7929 | D:9      | Reached skill level 1 in Shields
  8273 | D:9      | Noticed a two-headed ogre
  8276 | D:9      | Noticed a five-headed hydra
  8293 | D:9      | Killed a two-headed ogre
  8293 | D:9      | Reached skill level 5 in Shields
  8797 | D:10     | Entered Level 10 of the Dungeon
  8816 | D:10     | Noticed a gargoyle
  8833 | D:10     | Killed a gargoyle
  8856 | D:10     | Reached XP level 11. HP: 40/64 MP: 11/11
  9061 | D:10     | Found a staircase to the Lair.
  9123 | D:10     | Reached skill level 1 in Spellcasting
  9403 | D:2      | Killed Sigmund
  9572 | D:9      | Noticed a sixfirhy
  9580 | D:9      | Reached skill level 5 in Fighting
 10073 | D:10     | Reached ** piety under Hepliaklqana
 10195 | D:10     | Noticed Urug
 10211 | D:10     | Killed Urug
 11145 | D:11     | Found a gate leading to a gauntlet.
 11154 | Gauntlet | Entered a Gauntlet
 11154 | Gauntlet | Found a transporter.
 11154 | Gauntlet | Found a transporter.
 11154 | Gauntlet | Found a large runed translucent door.
 11154 | Gauntlet | Found a large runed translucent door.
 11154 | Gauntlet | Found a large runed translucent door.
 11154 | Gauntlet | Found a large runed translucent door.
 11154 | Gauntlet | Found a runed translucent door.
 11154 | Gauntlet | Found a large runed translucent door.
 11154 | Gauntlet | Found a large runed translucent door.
 11155 | Gauntlet | Found a runed translucent door.
 11156 | Gauntlet | Found a large runed translucent door.
 11156 | Gauntlet | Found a large runed translucent door.
 11156 | Gauntlet | Found a large runed translucent door.
 11156 | Gauntlet | Found a large runed translucent door.
 11157 | Gauntlet | Found a large runed translucent door.
 11158 | Gauntlet | Found a large runed translucent door.
 11162 | Gauntlet | Found a transporter.
 11163 | Gauntlet | Found a large runed translucent door.
 11163 | Gauntlet | Found a large runed translucent door.
 11163 | Gauntlet | Found a large runed translucent door.
 11163 | Gauntlet | Found a large runed translucent door.
 11177 | Gauntlet | Found a transporter.
 11191 | Gauntlet | Found a transporter.
 11203 | Gauntlet | Found a transporter.
 11211 | Gauntlet | Noticed a death ooze
 11218 | Gauntlet | Found a transporter.
 11225 | Gauntlet | Found a transporter.
 11227 | Gauntlet | Noticed a queen ant
 11239 | Gauntlet | Found a transporter.
 11244 | Gauntlet | Found a transporter.
 11245 | Gauntlet | Noticed a catoblepas
 11248 | Gauntlet | Found a transporter.
 11248 | Gauntlet | Found a transporter.
 11250 | Gauntlet | Found a runed translucent gate.
 11250 | Gauntlet | Found a runed translucent gate.
 11254 | Gauntlet | Found a runed translucent gate.
 11413 | Gauntlet | Remembered your ancestor JT Doggzone as a hexer
 11844 | Gauntlet | Got a translucent cloak
 11855 | Gauntlet | Identified the cursed +0 cloak of Feasting {rF+ Stlth+}
                  | (You found it in a Gauntlet)
 11969 | Gauntlet | Killed a death ooze
 11979 | Gauntlet | Got a crude hat
 11990 | Gauntlet | Identified the +0 hat "Wuqoexu" {-Cast rN+++ Regen+ Slay+5}
                  | (You found it in a Gauntlet)
 12037 | Gauntlet | Killed a queen ant
 12043 | Gauntlet | Reached skill level 10 in Fighting
 12072 | Gauntlet | Identified the +5 bardiche of Mandamus {distort, Stlth+}
 12072 | Gauntlet | Noticed a minotaur
 12090 | Gauntlet | Killed a minotaur
 12090 | Gauntlet | Reached XP level 12. HP: 73/87 MP: 13/13
 12103 | Gauntlet | Got a brightly glowing trident
 12103 | Gauntlet | Got a shimmering war axe
 12103 | Gauntlet | Got a steaming scimitar
 12107 | Gauntlet | Identified the +3 trident "Elouroha" {venom, +Fly Str+2
                  | Stlth+} (You found it in a Gauntlet)
 12111 | Gauntlet | Identified the +9 war axe "Hoext" {freeze, rPois rC- rN+++
                  | Int-4} (You found it in a Gauntlet)
 12112 | Gauntlet | Identified the +6 scimitar of Leann {pain, rF+ Int+2} (You
                  | found it in a Gauntlet)
 12361 | Lair:1   | Entered Level 1 of the Lair of Beasts
 12396 | Lair:1   | Noticed Joseph
 12414 | Lair:1   | Killed Joseph
 12620 | Lair:1   | Reached skill level 5 in Armour
 12691 | Lair:1   | Reached *** piety under Hepliaklqana
 12846 | Lair:1   | Reached skill level 5 in Dodging
 13289 | Lair:2   | Noticed a five-headed hydra
 13343 | Lair:2   | Killed a five-headed hydra
 13675 | Lair:2   | Noticed a five-headed hydra
 13684 | Lair:2   | Killed a five-headed hydra
 13771 | Lair:2   | Found a staircase to the Snake Pit.
 13777 | Lair:2   | Gained mutation: You have large cloven feet. [demonic
                  | ancestry]
 13777 | Lair:2   | Reached XP level 13. HP: 92/92 MP: 14/14
 13850 | Lair:2   | Noticed Nergalle
 13863 | Lair:2   | Killed Nergalle
 14334 | Lair:3   | Reached **** piety under Hepliaklqana
 14371 | Lair:3   | Reached skill level 10 in Dodging
 15063 | Lair:3   | You fall through a shaft for 2 floors!
 15861 | Lair:3   | Found a staircase to the Swamp.
 16256 | Lair:5   | Found a staircase to the Slime Pits.
 16365 | Lair:5   | Reached ***** piety under Hepliaklqana
 16627 | Lair:5   | Learned a level 2 spell: Blink
 16630 | Lair:5   | Learned a level 2 spell: Song of Slaying
 16632 | Lair:5   | Learned a level 1 spell: Magic Dart
 16636 | Lair:5   | Learned a level 3 spell: Mephitic Cloud
 16670 | Lair:6   | Entered Level 6 of the Lair of Beasts
 17336 | Lair:6   | Gained mutation: You have hoof-like feet. [demonic
                  | ancestry]
 17336 | Lair:6   | Reached XP level 14. HP: 83/99 MP: 15/15
 17713 | Lair:6   | Slain by a dire elephant

Vault maps used:
D:1:      dpeg_arrival_tiny_h
D:2:      overflow_temple_1_default, uniq_sigmund
D:3:      first_ration
D:5:      uniq_ijyb
D:6:      kennysheep_mini, gammafunk_temple_overflow_statue, temple_pool_b,
          serial_shops, shop, minivault_25, uniq_prince_ribbit1,
          uniq_blork_the_orc
D:7:      lemuel_coloured_pillars_altar
D:8:      nicolae_overflow_crystal_walls, basic_altar, grunt_pizzeria,
          uniq_grum, uniq_harold
D:9:      minmay_quarter_circles, uniq_erica
D:10:     lair_entry_dummy, uniq_urug
D:11:     gauntlet_entry_generic, chequers_serial_rivers_micro_a
Temple:   eino_temple_rhombus
Lair:1:   beast_lair_carwin_9, grunt_megastairs_4, infiniplex_staircase_pool_2,
          uniq_joseph
Lair:2:   minmay_snake_entry_guardpost_small, uniq_nergalle
Lair:3:   palyth_hydra_swamp_entry, beast_lair_carwin_5, lemuel_fruit_tree
Lair:5:   slime_dummy, st_stairs_3, wad_woods_road_02
Lair:6:   due_jungle_book
Gauntlet: gammafunk_gauntlet_shortcut

Skill      XL: |  1  2  3  4  5  6  7  8  9 10 11 12 13 14 |
---------------+-------------------------------------------+-----
Polearms       | 3 4 5 6 7 9 11 13 14 | 14.0
Shields        | 6 |  6.0
Spellcasting   | 1 |  1.3
Fighting       | 10 | 10.0
Armour         | 2 5 |  5.2
Dodging        | 8 12 13 | 13.4
Throwing       | |  1.7

Action                   |  1- 3 |  4- 6 |  7- 9 | 10-12 | 13-15 || total
-------------------------+-------+-------+-------+-------+-------++-------
Melee: Trident           |    88 |   151 |   259 |   796 |   515 ||  1809
Invok: Ancestor Identity |       |       |       |     1 |       ||     1
       Ancestor Life: He |       |       |       |     1 |       ||     1
       Transference      |       |       |       |       |     1 ||     1
Evoke: Wand              |       |       |       |     2 |       ||     2
  Use: Scroll            |     5 |    10 |     2 |     7 |     4 ||    28
       Potion            |     1 |     3 |       |     5 |       ||     9
 Stab: Sleeping          |     1 |     1 |     1 |       |       ||     3
       Distracted        |       |     1 |       |     9 |     4 ||    14
       Confused          |       |       |       |     5 |     6 ||    11
  Eat: Chunk             |     2 |     7 |     6 |    12 |    10 ||    37
       Ration            |       |       |     1 |     4 |     1 ||     6
Armor: Leather armour    |    20 |    71 |    10 |       |       ||   101
       Chain mail        |       |       |    69 |   249 |   110 ||   428
Dodge: Dodged            |    38 |    86 |    53 |   181 |   189 ||   547
Block: Buckler           |       |       |    14 |   120 |    74 ||   208

Table legend:
 A = Non-vault XP
 B = Vault XP
 C = Vault XP percentage of total XP
 D = Non-vault monster count
 E = Vault monster count
 F = Vault count percentage of total count
                 A         B        C        D         E       F
            +---------+---------+-------+---------+---------+-------
      Total |   46654 |   23331 |  33.3 |     351 |      82 |  18.9
            +---------+---------+-------+---------+---------+-------
        D:1 |      44 |       0 |   0.0 |      21 |       0 |   0.0
        D:2 |      75 |     220 |  74.6 |      19 |       1 |   5.0
        D:3 |      41 |       0 |   0.0 |      10 |       0 |   0.0
        D:4 |     238 |       0 |   0.0 |      27 |       0 |   0.0
        D:5 |     263 |      38 |  12.6 |       8 |       1 |  11.1
        D:6 |     371 |     390 |  51.2 |      14 |       2 |  12.5
        D:7 |    1512 |       0 |   0.0 |      31 |       0 |   0.0
        D:8 |    1045 |    1846 |  63.9 |      13 |       7 |  35.0
        D:9 |    2878 |    3201 |  52.7 |      25 |      25 |  50.0
       D:10 |    3312 |     811 |  19.7 |      36 |       1 |   2.7
       D:11 |    2066 |       0 |   0.0 |      20 |       0 |   0.0
     Lair:1 |    4731 |    2477 |  34.4 |      18 |       9 |  33.3
     Lair:2 |    7486 |    1276 |  14.6 |      26 |       4 |  13.3
     Lair:3 |    5997 |    4348 |  42.0 |      30 |       9 |  23.1
     Lair:4 |    3172 |       0 |   0.0 |      13 |       0 |   0.0
     Lair:5 |    2654 |     628 |  19.1 |      10 |       2 |  16.7
     Lair:6 |   10769 |    2855 |  21.0 |      30 |       5 |  14.3
   Gauntlet |       0 |    5241 | 100.0 |       0 |      16 | 100.0
            +---------+---------+-------+---------+---------+-------
